 Dungeon Crawl Stone Soup version 0.30.0-29-ga12c61a403 (webtiles) character file.

Game seed: 13625549183257616620

23716 case the Fencer (level 13, -13/114 HPs)
             Began as a Human Fighter on June 25, 2023.
             Was a High Priest of Makhleb.
             Mangled by a torpor snail (14 damage)
             ... while paralysed by a hornet
             ... on level 5 of the Lair of Beasts.
             The game lasted 00:43:57 (14133 turns).

case the Fencer (Human Fighter)                    Turns: 14133, Time: 00:43:58

Health: -13/114    AC: 18    Str: 23    XL:     13   Next: 37%
Magic:  22/22      EV:  2    Int: 12    God:    Makhleb [*****.]
Gold:   856        SH:  0    Dex: 24    Spells: 12/12 levels left

rFire   . . .        B - +6 long sword (heavy)
rCold   . . .        c - +0 buckler
rNeg    . . .        o - +0 plate armour
rPois   .            (no helmet)
rElec   .            K - scarf {harm}
rCorr   .            i - +2 pair of gloves
SInv    .            k - +2 pair of boots
Will    .....        r - amulet of reflection
Stlth   x              - ring "Tesunole" {+Blink MP+9 Str+6 Int+4}
HPRegen 0.39/turn    G - +6 ring of dexterity
MPRegen 0.18/turn

%: harm (+30% outgoing, +20% incoming), reflection
@: paralysed, lethally poisoned (-13 -> -34), slowed
A: no striking features
a: Renounce Religion, Evoke Blink, Minor Destruction, Lesser Servant of Makhleb,
Major Destruction, Greater Servant of Makhleb


You were on level 5 of the Lair of Beasts.
You worshipped Makhleb.
Makhleb was extremely pleased with you.
You visited 2 branches of the dungeon, and saw 15 of its levels.
You also visited: Sewer.

You collected 856 gold pieces.

Inventory:

Hand Weapons
 B - a +6 heavy long sword (weapon)
Missiles
 y - 3 throwing nets (quivered)
Armour
 a - the +1 cloak of Inviolability {Rampage rC+ Int+3 Dex-4}
   (You found it on level 9 of the Dungeon)

   Int:       It affects your intelligence (+3).
   Dex:       It affects your dexterity (-4).
   rC:        It protects you from cold.
   Rampage:   It bestows one free step when moving towards enemies.
 c - a +0 buckler (worn)
 i - a +2 pair of gloves (worn)
 k - a +2 pair of boots (worn)
 m - a +2 robe of resistance
 o - a +0 plate armour (worn)
 K - a scarf of harm (worn)
Jewellery
 b - an amulet of faith
 r - an amulet of reflection (around neck)
 x - the ring "Tesunole" (left hand) {+Blink MP+9 Str+6 Int+4}
   (You found it on level 5 of the Dungeon)

   [ring of strength]

   Str:       It affects your strength (+6).
   Int:       It affects your intelligence (+4).
   MP:        It affects your magic capacity (+9).
   +Blink:    It lets you blink.
 z - a +6 ring of strength
 G - a +6 ring of dexterity (right hand)
 I - a ring of see invisible
Wands
 d - a wand of acid (21)
 e - a wand of iceblast (23)
 n - a wand of flame (21)
 t - a wand of mindburst (8)
 J - a wand of paralysis (12)
Scrolls
 f - 2 scrolls of poison
 h - 4 scrolls of vulnerability
 j - a scroll of torment {unknown}
 l - 4 scrolls of magic mapping
 q - 7 scrolls of teleportation
 v - 9 scrolls of identify
 w - a scroll of silence {unknown}
 C - a scroll of immolation {unknown}
 D - 2 scrolls of fear {unknown}
 F - a scroll of noise {unknown}
 L - a scroll of summoning {unknown}
Potions
 g - a potion of cancellation
 p - 2 potions of attraction
 s - 5 potions of brilliance
 u - 2 potions of flight
 A - a potion of mutation
 E - 6 potions of curing
 H - a potion of might
 M - a potion of invisibility {unknown}
 N - 2 potions of berserk rage {unknown}


   Skills:
 + Level 14.4 Fighting
 * Level 17.3 Long Blades
 - Level 5.2 Armour
 - Level 5.2 Shields


You had 12 spell levels left.
You didn't know any spells.
Your spell library contained the following spells:

 Spells                   Type           Power      Damage    Failure   Level
 Kiss of Death            Conj/Necr      0%         2d5       100%        1
 Magic Dart               Conj           0%         1d3       100%        1
 Blink                    Tloc           0%         N/A       100%        2
 Searing Ray              Conj           0%         2d4       100%        2
 Confusing Touch          Hex            0%         N/A       100%        3
 Hailstorm                Conj/Ice       0%         3d3       100%        3
 Dispel Undead            Necr           0%         3d6       100%        4
 Fulminant Prism          Conj/Hex       0%         3d5       100%        4
 Ice Form                 Ice/Tmut       0%         N/A       100%        4
 Manifold Assault         Tloc           0%         N/A       100%        4
 Simulacrum               Ice/Necr       0%         N/A       100%        6
 Storm Form               Tmut/Air       0%         N/A       100%        7


Dungeon Overview and Level Annotations

Branches:
Dungeon (10/15)            Temple (0/1) D:7            Lair (5/5) D:8
 Shoals (0/4) Lair:3       Spider (0/4) Lair:3        Slime (0/5) Lair:4
    Orc (0/2) D:10          Sewer (visited)

Altars:
Ashenzari
Cheibriados
Hepliaklqana
Makhleb
Nemelex Xobeh
Sif Muna
Vehumet
Wu Jian
Xom
The Shining One
Jiyva

Shops:
D:10 :

Annotations:
D:1 1 runed translucent door
D:6 2 transporters, alvan145's ghost, novice HOBe
Lair:5 1 runed translucent door


Message History

Found 6 stones.
A hornet comes into view. x2
You block the torpor snail's attack.
The hornet buzzes angrily.
You slice the torpor snail!!
The torpor snail is heavily wounded.
You hear an angry buzzing noise.
The torpor snail barely misses you. The lindwurm breathes flames at you.
The blast of flame hits you!!
The hornet stings the plant!
The plant begins to die.
You slice the torpor snail!!
The torpor snail is almost dead.
You block the hornet's attack.
The hornet stings you but does no damage.
The torpor snail bites you but does no damage.
Your magical effects are unravelling.
You feel magically purged.
The hornet stings you but does no damage.
The lindwurm bites you! You block the lindwurm's attack.
The lindwurm claws you. The torpor snail bites you.
You block the lindwurm's attack.
The lindwurm claws you but does no damage.
The lindwurm claws you.
You slice the hornet!!
The hornet is almost dead.
A nearby plant withers and dies.
You block the hornet's attack. The hornet stings you!
* * * LOW HITPOINT WARNING * * *
You are poisoned.
You suddenly lose the ability to move!
The hornet stings you.
* * * LOW HITPOINT WARNING * * *
You are more poisoned.
You shrug off the repeated paralysis!
The hornet stings you but does no damage.
The lindwurm breathes flames at you. The blast of flame hits you!!
* * * LOW HITPOINT WARNING * * *
The torpor snail bites you!
You die...

## ##### ## ##
#.##...##.# ####...
###.......###
##.....
#....#.#....###....P
##...#####.....#..#
⌠..### ###...y@###
#P..## #.#.kyw.###
+#...### ####.y....#
####...# #.#.......#
#..## ####.P..#...#
##..## ...### ...
#...# ...#.# ..
#####..# P..####
##...P.##


PP.. You could see a torpor snail, a lindwurm (catching breath) and 3 hornets.

Vanquished Creatures
  2 two-headed ogres
  A boulder beetle (D:9)
  Sonja (Lair:3)
  2 skysharks (Lair:3)
  An oklob plant (Lair:3)
  A black mamba (Lair:2)
  A merfolk siren (Lair:3)
  2 torpor snails
  5 cane toads
  3 komodo dragons
  A meliai (Lair:3)
  A polar bear (D:8)
  A troll (D:7)
  Grinder (D:5)
  Prince Ribbit (D:7)
  A hornet (Lair:5)
  10 blink frogs
  28 yaks
  A shadow (D:10)
  4 wyverns
  2 basilisks
  A steam dragon (D:8)
  3 wargs
  14 water moccasins
  2 acid dragons
  7 orc warriors
  2 ice beasts (D:8)
  Pargi (D:4)
  2 black bears
  A sky beast (D:7)
  3 centaurs
  9 wolves
  A phantom (D:6)
  8 kobold brigands (Sewer)
  Blork the orc (D:4)
  12 bullfrogs
  A gnoll sergeant (D:10)
  A scorpion (D:6)
  13 wights
  5 killer bees (Lair:3)
  11 howler monkeys
  A wyvern simulacrum (D:8)
  A hound (D:5)
  6 orc priests
  2 jellies
  2 gnoll boudas
  2 sleepcaps
  6 iguanas
  Ijyb (D:3)
  6 orc wizards
  A killer bee simulacrum (D:8)
  18 gnolls
  8 adders
  A howler monkey simulacrum (D:8)
  2 white imps
  An ufetubus (D:8)
  9 worms
  6 dart slugs
  28 orcs
  7 bats
  16 endoplasms
  4 giant cockroaches
  12 hobgoblins
  5 jackals
  6 kobolds
  4 quokkas
  9 ball pythons
  3 frilled lizards
  10 goblins
  11 rats
356 creatures vanquished.

Vanquished Creatures (others)
  2 orcs (D:7)
2 creatures vanquished.

Grand Total: 358 creatures vanquished

Notes
Turn   | Place    | Note
-------+----------+-------------------------------------------
     0 | D:1      | case the Human Fighter began the quest for the Orb.
     0 | D:1      | Reached XP level 1. HP: 18/18 MP: 1/1
     0 | D:1      | Noticed a jelly
     1 | D:1      | Found a runed translucent door.
     1 | D:1      | Noticed a jelly
    37 | D:1      | Reached XP level 2. HP: 13/24 MP: 2/2
   145 | D:1      | Reached XP level 3. HP: 19/29 MP: 3/3
   255 | D:1      | Reached skill level 3 in Long Blades
   644 | D:2      | Found a faded altar of an unknown god.
   698 | D:2      | Reached XP level 4. HP: 28/35 MP: 4/4
   833 | D:2      | Reached skill level 4 in Long Blades
  1040 | D:3      | Found an ornate altar of the Wu Jian Council.
  1191 | D:3      | Reached XP level 5. HP: 41/41 MP: 5/5
  1232 | D:3      | Found a glowing drain.
  1258 | Sewer    | Entered a sewer
  1277 | Sewer    | Noticed a kobold brigand
  1291 | Sewer    | Killed a kobold brigand
  1292 | Sewer    | Reached skill level 5 in Long Blades
  1306 | Sewer    | Reached XP level 6. HP: 35/47 MP: 6/6
  1384 | Sewer    | Reached skill level 6 in Long Blades
  1601 | Sewer    | Reached XP level 7. HP: 52/52 MP: 7/7
  1672 | Sewer    | HP: 3/78 [poisoned by a kobold brigand (curare-tipped
                  | dart)]
  1674 | Sewer    | HP: 1/78 [poisoned by a kobold brigand (curare-tipped
                  | dart)]
  1680 | Sewer    | HP: 3/78 [kobold brigand/+0 whip (2)]
  1681 | Sewer    | HP: 1/78 [kobold brigand/+0 whip (2)]
  1688 | Sewer    | Reached skill level 7 in Long Blades
  2198 | Sewer    | Reached skill level 8 in Long Blades
  2207 | Sewer    | Reached XP level 8. HP: 20/58 MP: 8/8
  2454 | D:3      | Noticed Ijyb
  2467 | D:3      | Killed Ijyb
  2744 | D:4      | Noticed Pargi
  2782 | D:4      | Killed Pargi
  2971 | D:4      | Reached skill level 9 in Long Blades
  3286 | D:4      | Noticed Blork the orc
  3299 | D:4      | Killed Blork the orc
  3305 | D:4      | Found a shimmering altar of Xom.
  3330 | D:4      | Found a radiant altar of Vehumet.
  3356 | D:4      | Found a burning altar of Makhleb.
  3364 | D:4      | Became a worshipper of Makhleb the Destroyer
  3460 | D:5      | Entered Level 5 of the Dungeon
  3537 | D:5      | Noticed Grinder
  3564 | D:5      | Killed Grinder
  3565 | D:5      | Reached XP level 9. HP: 54/66 MP: 9/9
  3644 | D:5      | Identified the ring "Tesunole" {+Blink MP+9 Str+6 Int+4}
  3923 | D:5      | Reached skill level 5 in Fighting
  4350 | D:6      | Found a transporter.
  4350 | D:6      | Noticed alvan145's ghost (novice HOBe)
  4358 | D:6      | Found a transporter.
  4370 | D:6      | Noticed a toenail golem
  4385 | D:6      | Noticed a wizard
  4651 | D:6      | Reached * piety under Makhleb
  4788 | D:6      | Reached skill level 10 in Long Blades
  4860 | D:6      | Reached skill level 5 in Armour
  5016 | D:7      | Reached skill level 5 in Shields
  5712 | D:7      | Noticed a troll
  5719 | D:7      | Killed a troll
  5720 | D:7      | Reached XP level 10. HP: 80/80 MP: 10/10
  5971 | D:7      | Found a staircase to the Ecumenical Temple.
  6141 | D:8      | Noticed Prince Ribbit
  6141 | D:8      | Found a staircase to the Lair.
  6179 | D:7      | Reached skill level 11 in Long Blades
  6188 | D:7      | Killed Prince Ribbit
  6659 | D:8      | Reached ** piety under Makhleb
  6712 | D:8      | Found a shimmering blue altar of Sif Muna.
  6817 | D:8      | Found a snail-covered altar of Cheibriados.
  6848 | D:8      | Reached skill level 12 in Long Blades
  7233 | D:8      | Noticed a two-headed ogre
  7239 | D:8      | Killed a two-headed ogre
  7240 | D:8      | Reached skill level 10 in Fighting
  7304 | D:9      | Identified the +1 cloak of Inviolability {Rampage rC+ Int+3
                  | Dex-4}
  7406 | D:9      | Found a hazy altar of Hepliaklqana.
  7422 | D:9      | Reached XP level 11. HP: 91/91 MP: 11/11
  7453 | D:9      | Noticed a two-headed ogre
  7689 | D:9      | Killed a two-headed ogre
  7690 | D:9      | Reached skill level 13 in Long Blades
  8033 | D:9      | Found a glowing golden altar of the Shining One.
  8234 | D:9      | Noticed a boulder beetle
  8271 | D:9      | Killed a boulder beetle
  8611 | D:10     | Entered Level 10 of the Dungeon
  8733 | D:10     | Reached skill level 14 in Long Blades
  8901 | D:10     | Reached *** piety under Makhleb
  8929 | D:10     | Found a broken altar of Ashenzari.
  9209 | D:10     | Found a staircase to the Orcish Mines.
  9309 | D:10     | Found Xatiaca's Tiny Tomes.
  9685 | D:8      | Found a sparkling altar of Nemelex Xobeh.
  9719 | Lair:1   | Entered Level 1 of the Lair of Beasts
  9901 | Lair:1   | Reached XP level 12. HP: 103/103 MP: 12/12
 10198 | Lair:1   | Found a snail-covered altar of Cheibriados.
 10210 | Lair:1   | Reached skill level 15 in Long Blades
 10360 | Lair:1   | Identified the +8 rapier "Wamam" {freeze, MP+9}
 10459 | Lair:1   | Reached **** piety under Makhleb
 11779 | Lair:3   | Noticed a skyshark
 11785 | Lair:3   | Killed a skyshark
 11786 | Lair:3   | Reached skill level 16 in Long Blades
 12032 | Lair:3   | Noticed Sonja
 12048 | Lair:3   | Killed Sonja
 12049 | Lair:3   | Reached XP level 13. HP: 72/112 MP: 13/13
 12652 | Lair:3   | Found a staircase to the Shoals.
 12866 | Lair:3   | Found a hole to the Spider Nest.
 12991 | Lair:4   | Found a viscous altar of Jiyva.
 12991 | Lair:4   | Found a staircase to the Slime Pits.
 13072 | Lair:4   | Reached skill level 17 in Long Blades
 13081 | Lair:4   | Reached ***** piety under Makhleb
 13907 | Lair:5   | Entered Level 5 of the Lair of Beasts
 14101 | Lair:5   | Found a runed translucent door.
 14102 | Lair:5   | Noticed an ice dragon
 14133 | Lair:5   | Paralysed by a hornet for 1 turns
 14133 | Lair:5   | HP: 1/114 [lindwurm/blast of flame (28)]
 14133 | Lair:5   | Mangled by a torpor snail

Illustrated notes

Levels and vault maps discovered:
D:1:      dpeg_arrival_caged_fury, layout_loops_cross, nrook_mini_vaults
D:2:      layout_rooms, shapermc_ecumenical_altar_totnotflames
D:3:      layout_basic, nzn_wu_jian_council_hall, portal_sewer_entry_b,
          grunt_ministairs_2, minmay_misc_feat_enclosed, serial_bayou_lake_a,
          uniq_ijyb
D:4:      layout_basic, fedhas_altar_4, mainiacjoe_overflow_six_doors_small,
          xom_teletrap_fun, mainiacjoe_overflow_surrounded_room,
          grunt_ministairs_1, minmay_manual_mess, uniq_blork_the_orc, uniq_pargi
D:5:      layout_basic, uniq_grinder
D:6:      layout_loops_ring, gammafunk_ghost_abyssal_escape,
          chequers_serial_rivers_room_a
D:7:      layout_basic, lemuel_temple_firewalk_b, dreamdust_princess_bridge
D:8:      layout_loops_ring, nicolae_sif_muna_condensation,
          mainiacjoe_overflow_paths, kennysheep_mini, erik_lair_orcish_takeover,
          serial_ice, serial_ice_e, serial_ice_a, serial_ice_h, serial_ice_g,
          serial_ice_n, minmay_misc_feat_hallway, uniq_prince_ribbit1
D:9:      layout_stronghold, general_overflow_altar, tso_metal_star,
          nrook_mini_backslash
D:10:     layout_basic, cheibrodos_ashenzari_chains, david_orc_4,
          nicolae_shop_i_like_small_books_too
Lair:1:   layout_cave_pods, basic_altar
Lair:2:   layout_cave_pods
Lair:3:   layout_regular_city, minmay_shoals_entry_lonely_mermaid,
          hellmonk_spider_entry_not_the_bees, dreamdust_deal_with_the_devil,
          chequers_serial_rivers_micro_e, disabler_island, uniq_sonja
Lair:4:   layout_roguey, nicolae_slime_entry_slimehenge
Lair:5:   wormcave, layout_regular_city, hangedman_lair_tendril_chambers,
          nicolae_lair_grove_arrangements, minivault_27, serial_bayou_pond_e,
          serial_bayou_crossing, infiniplex_staircase_pool

Skill      XL: |  1  2  3  4  5  6  7  8  9 10 11 12 13 |
---------------+----------------------------------------+-----
Long Blades    | 3 4 5 6 8 9 10 12 14 16 17 | 17.3
Fighting       | 4 7 10 12 13 14 | 14.4
Armour         | 4 5 |  5.2
Shields        | 4 5 |  5.2

Action                     |  1- 3 |  4- 6 |  7- 9 | 10-12 | 13-15 || total
---------------------------+-------+-------+-------+-------+-------++-------
  Melee: Long sword        |   117 |   174 |   484 |   419 |    95 ||  1289
  Evoke: Wand              |       |       |     1 |       |       ||     1
    Use: Scroll            |     1 |       |     3 |    12 |     3 ||    19
         Potion            |       |       |     6 |     2 |     1 ||     9
 Armour: Scale mail        |    81 |    85 |    77 |       |       ||   243
         Skin              |       |       |    30 |       |       ||    30
         Plate armour      |       |       |   129 |   212 |    48 ||   389
  Dodge: Dodged            |    50 |    69 |   117 |    98 |    12 ||   346
  Block: Buckler           |    34 |    46 |   128 |   272 |    53 ||   533
         Reflection        |       |       |       |     8 |       ||     8
